 Dungeon Crawl Stone Soup version 0.31.0-12-g77e489cdc1 (webtiles) character file.

Game seed: 2171576669952794446

375 booth the Chopper (level 6, -1/48 HPs)
             Began as a Demonspawn Gladiator on Feb 19, 2024.
             Slain by a gnoll
             ... wielding a +0 spear
              (2 damage)
             ... on level 4 of the Dungeon.
             The game lasted 00:12:58 (2552 turns).

booth the Chopper (Demonspawn Gladiator)            Turns: 2552, Time: 00:12:59

Health: -1/48      AC: 11    Str: 15    XL:     6   Next: 44%
Magic:  6/6        EV: 11    Int: 10    God:
Gold:   72         SH:  0    Dex: 14    Spells: 5/5 levels left

rFire   . . .        a - +1 war axe
rCold   . . .        (no shield)
rNeg    . . .        p - +4 ring mail
rPois   +            c - +0 helmet
rElec   .            (no cloak)
rCorr   .            (no gloves)
SInv    .            (no boots)
Will    .....        f - amulet of the acrobat
Stlth   +            m - ring of poison resistance
HPRegen 0.28/turn    (no ring)
MPRegen 0.10/turn

%: acrobat
@: no status effects
A: claws 1, ignite blood 1, sharp scales 1, demonic magic 1
a: no special abilities


You were on level 4 of the Dungeon.
You visited 1 branch of the dungeon, and saw 4 of its levels.

You collected 72 gold pieces.

Inventory:

Hand Weapons
 a - a +1 war axe (weapon)
 n - a +0 mace
Missiles
 d - a throwing net (quivered)
 j - 6 poisoned darts
Armour
 c - a +0 helmet (worn)
 e - a +0 scale mail
 p - a +4 ring mail (worn)
Jewellery
 b - a ring of ice
 f - an amulet of the acrobat (around neck)
 m - a ring of poison resistance (left claw)
Scrolls
 i - a scroll of brand weapon {unknown}
Potions
 g - a potion of heal wounds
 h - a potion of lignification
 o - a potion of brilliance {unknown}


   Skills:
 + Level 3.8 Fighting
 * Level 5.0 Axes
 + Level 3.4 Throwing
 - Level 2.8 Dodging


You had 5 spell levels left.
You didn't know any spells.
Your spell library contained the following spells:

 Spells                   Type           Power      Damage    Failure   Level
 Ensorcelled Hibernation  Hex/Ice        0%         N/A       75%         2
 Fugue of the Fallen      Necr           0%         N/A       92%         3
 Anguish                  Hex/Necr       0%         N/A       100%        4
 Animate Dead             Necr           0%         N/A       100%        4
 Borgnjor's Vile Clutch   Necr/Erth      0%         N/A       100%        5
 Death Channel            Necr           0%         N/A       100%        6


Dungeon Overview and Level Annotations

Branches:
Dungeon (4/15)
 Temple: D:4-7

Altars:

Annotations:
D:4 Grinder


Innate Abilities, Weirdness & Mutations

You have sharp fingernails.
Your demonic aura sometimes causes spilled blood to erupt in flames.
You are partially covered in razor-sharp scales. (AC +1, Slay +1)
Spells you cast may paralyse adjacent enemies.


Message History

The gnoll hits you but does no damage.
Grinder blinks!
The gnoll barely misses you.
Things that are here:
a +0 halberd; a gnoll corpse You hit the gnoll.
The gnoll is moderately wounded.
The gnoll hits you but does no damage.
You barely miss the gnoll.
The gnoll is moderately wounded.
The gnoll hits you but does no damage.
You barely miss the gnoll.
The gnoll is moderately wounded.
The gnoll misses you.
You barely miss the gnoll.
The gnoll is moderately wounded.
You barely miss Grinder. Grinder barely misses you.
The gnoll hits you but does no damage. Grinder hits you but does no damage.
The gnoll hits you but does no damage.
You barely miss the gnoll.
The gnoll is moderately wounded.
You hit Grinder. Grinder gestures at you. Pain shoots through your body!
The gnoll hits you with a +0 spear.
You closely miss the gnoll.
The gnoll is moderately wounded.
You barely miss Grinder. Grinder closely misses you.
The gnoll barely misses you.
You hit the gnoll but do no damage.
The gnoll is moderately wounded.
You hit Grinder.
Grinder blinks!
The gnoll hits you with a +0 spear!
You hit the gnoll.
The gnoll is heavily wounded.
You barely miss Grinder. Grinder barely misses you.
The gnoll hits you with a +0 spear.
* * * LOW HITPOINT WARNING * * *
Grinder gestures at you. Pain shoots through your body!
* * * LOW HITPOINT WARNING * * *
The gnoll hits you with a +0 spear.
You die... #.......+ .....(.# ......# .....# ....# .gg

#)# #######.#
#...5@gg#
############.#######
..........##.#
..........##.#
.............#
..........####
..........#
####.[...## #.....#


You could see Grinder and 2 gnolls.

Vanquished Creatures
  Sigmund (D:4)
  A phantom (D:3)
  A hound (D:3)
  Terence (D:2)
  2 gnolls (D:4)
  2 adders (D:3)
  2 ribbon worms
  6 orcs
  7 bats
  An endoplasm (D:3)
  2 giant cockroaches
  4 goblins
  5 hobgoblins
  3 quokkas
  3 ball pythons
  3 frilled lizards
  5 kobolds
  5 rats
54 creatures vanquished.

Notes
Turn   | Place    | Note
-------+----------+-------------------------------------------
     0 | D:1      | booth the Demonspawn Gladiator began the quest for the Orb.
     0 | D:1      | Reached XP level 1. HP: 16/16 MP: 1/1
   300 | D:1      | Gained mutation: Spells you cast may paralyse adjacent
                  | enemies. [demonic ancestry]
   300 | D:1      | Reached XP level 2. HP: 22/22 MP: 2/2
   341 | D:1      | Found a faded altar of an unknown god.
   827 | D:2      | Reached skill level 3 in Axes
  1081 | D:2      | Noticed Terence
  1098 | D:2      | Killed Terence
  1099 | D:2      | Gained mutation: Your demonic aura sometimes causes spilled
                  | blood to erupt in flames. [demonic ancestry]
  1099 | D:2      | Reached XP level 3. HP: 28/28 MP: 3/3
  1644 | D:3      | Noticed a phantom
  1656 | D:3      | Killed a phantom
  1657 | D:3      | Reached skill level 4 in Axes
  1657 | D:3      | Reached XP level 4. HP: 32/35 MP: 4/4
  1657 | D:3      | Gained mutation: You are partially covered in razor-sharp
                  | scales. (AC +1, Slay +1) [demonic ancestry]
  1657 | D:3      | Reached XP level 5. HP: 38/41 MP: 5/5
  2398 | D:4      | Noticed Sigmund
  2407 | D:4      | Killed Sigmund
  2408 | D:4      | Gained mutation: You have sharp fingernails. [demonic
                  | ancestry]
  2408 | D:4      | Reached XP level 6. HP: 24/48 MP: 6/6
  2527 | D:4      | Noticed Grinder
  2531 | D:4      | Reached skill level 5 in Axes
  2552 | D:4      | HP: 1/48 [Grinder/nerve-wracking pain (13)]
  2552 | D:4      | Slain by a gnoll

Illustrated notes

Levels and vault maps discovered:
D:1:      dpeg_arrival_erosion, layout_basic,
          shapermc_ecumenical_altar_totnotflames, nrook_mini_vaults,
          feat_on_display
D:2:      layout_loops_cross, kennysheep_generic_room_7, uniq_terence
D:3:      layout_loops_corners
D:4:      layout_basic, nrook_mini_backslash, uniq_grinder, uniq_sigmund,
          uniq_duvessa

Skill      XL: |  1  2  3  4  5  6 |
---------------+-------------------+-----
Throwing       | 2 3 |  3.4
Axes           | 3 4 5 |  5.0
Fighting       | 3 |  3.8
Dodging        | |  2.8

Action                     |  1- 3 |  4- 6 || total
---------------------------+-------+-------++-------
  Melee: War axe           |   108 |    56 ||   164
         Punch             |       |     1 ||     1
  Throw: Dart              |     7 |     2 ||     9
         Throwing net      |     2 |     1 ||     3
         Javelin           |     1 |     1 ||     2
    Use: Scroll            |     6 |       ||     6
         Potion            |     1 |       ||     1
 Armour: Leather armour    |    54 |       ||    54
         Ring mail         |    17 |    38 ||    55
  Dodge: Dodged            |    66 |    33 ||    99
